AoeStats
← agemajsan

Oasis

509434432Analyzed
2v2 RM · 6d ago on Sep 26, 2026· 37m 23s· 4 players
Game mode
Random Map
Map size
Medium (4 player)
Population
200
Speed
Normal
Resources
Standard
Victory
Conquest
Starting age
Dark Age
Ending age
Imperial Age
RankedLock teamsTeams togetherTeam positionsShared explorationLock speedFull tech treeHidden civsTurbo modeCheats
Victory
Defeat
🇨🇱 Magyars · Chile
1132
+16
🇦🇷 Malay · Argentina
1068
+18
🇸🇪 Magyars · Sweden
1132
-17
🇸🇪 Inca · Sweden
1125
-17
agemajsan
13:39 Feudal Age
16:15 Double-Bit Axe
16:45 Horse Collar
19:10 Castle Age
19:14 Forging
20:58 Heavy Plow
21:09 Bow Saw
26:42 Wheelbarrow
28:33 Iron Casting
28:00 Scale Mail Armor
28:20 Champi Runner
30:05 Fletching
30:31 Chain Mail Armor
29:40 Champi Warrior
33:25 Pikeman
Jon_Skolmen
6:59 Loom
9:08 Feudal Age
11:18 Double-Bit Axe
11:14 Horse Collar
21:00 Castle Age
25:56 Scale Barding Armor
26:35 Pikeman
30:08 Scale Mail Armor
33:58 Bloodlines
35:44 Chain Mail Armor
rodrigolaramol96
11:04 Feudal Age
11:52 Horse Collar
11:59 Double-Bit Axe
13:15 Wheelbarrow
13:16 Loom
12:55 Man-at-Arms
14:10 Gold Mining
16:38 Scale Mail Armor
18:27 Arson
22:39 Castle Age
21:08 Fletching
21:19 Padded Archer Armor
21:12 Stone Mining
22:03 Scale Barding Armor
23:55 Husbandry
24:06 Bloodlines
25:08 Gold Shaft Mining
25:01 Long Swordsman
27:35 Chain Mail Armor
28:34 Bodkin Arrow
28:17 Light Cavalry
29:40 Leather Archer Armor
31:22 Hand Cart
32:20 Chain Barding Armor
32:02 Heated Shot
31:53 Treadmill Crane
37:04 Imperial Age
35:17 Ballistics
35:06 Thumb Ring
35:26 Town Watch
37:07 Two-Handed Swordsman
37:54 Bracer
38:25 Ring Archer Armor
38:31 Plate Barding Armor
Leandro Magno
9:37 Loom
12:10 Feudal Age
12:41 Double-Bit Axe
17:45 Wheelbarrow
17:40 Gold Mining
24:06 Castle Age
24:40 Bow Saw
25:07 Forging
24:49 Horse Collar
25:06 Stone Mining
28:01 Scale Barding Armor
28:01 Heavy Plow
31:00 Pikeman
34:21 Husbandry
34:15 Fletching
37:07 Gold Shaft Mining
Connection lost

Rejoining the realm…

Still unreachable

The connection could not be restored.

Session expired

The server has moved on; the page needs a fresh start.